 Dungeon Crawl Stone Soup version 0.19.1-1-g22dce08 (webtiles) character file.

1833 esteth the Spear-Bearer (level 9, -4/66 HPs)
             Began as a Merfolk Skald on Jan 10, 2017.
             Was a Believer of Ru.
             Killed by divine providence
             ... invoked by an orc priest
              (10 damage)
             ... on level 7 of the Dungeon.
             The game lasted 00:19:56 (9634 turns).

esteth the Spear-Bearer (Merfolk Skald)             Turns: 9634, Time: 00:19:57

Health: -4/66      AC:  4    Str: 18      XL:     9   Next: 11%
Magic:  12/12      EV: 16    Int: 13      God:    Ru [**....]
Gold:   454        SH:  7    Dex: 13 (14) Spells: 3 memorised, 6 levels left

rFire  . . .     SeeInvis +     q - +0 trident
rCold  . . .     Gourm    .     b - +0 leather armour
rNeg   . . .     Faith    .     o - +2 buckler
rPois  .         Spirit   .     (no helmet)
rElec  .         Reflect  .     s - +0 cloak
rCorr  .         Harm     .     (no gloves)
MR     .....                    (no boots)
Stlth  ..........               (no amulet)
                                G - ring of see invisible
                                v - +1 ring of evasion

@: mighty
A: change form in water, swift swim, stealthy swim, no stealth, no conjurations
magic, no earth magic, no transmutations magic
a: Renounce Religion


You were on level 7 of the Dungeon.
You worshipped Ru.
Ru was pleased with you.
You were not hungry.

You visited 1 branch of the dungeon, and saw 7 of its levels.

You collected 454 gold pieces.

Inventory:

Hand Weapons
 a - a +0 spear
 q - a +0 trident (weapon)
Missiles
 p - 4 javelins (quivered)
Armour
 b - a +0 leather armour (worn)
 o - a +2 buckler (worn)
 s - a +0 cloak (worn)
Jewellery
 v - a +1 ring of evasion (left hand)
 G - a ring of see invisible (right hand)
Wands
 w - a wand of flame (16/48)
 y - a wand of polymorph (10/24)
 D - a wand of digging (8/24)
 E - a wand of disintegration (19/24)
Scrolls
 e - a scroll of noise {unknown}
 g - 3 scrolls of remove curse {unknown}
 h - 4 scrolls of identify
 i - 3 scrolls of magic mapping
 l - 2 scrolls of enchant weapon {unknown}
 m - a scroll of amnesia {unknown}
 x - a scroll of enchant armour {unknown}
 B - 2 scrolls of teleportation {unknown}
Potions
 f - a potion of lignification
 j - a potion of brilliance {unknown}
 k - 2 potions of resistance {unknown}
 n - a potion of cure mutation {unknown}
 r - a potion of ambrosia {unknown}
 u - a potion of agility {unknown}
 z - 2 potions of might
 F - a potion of flight
Books
 c - a book of Battle

   Spells                             Type                      Level
   a - Infusion                       Charms                       1
   b - Shroud of Golubria             Charms/Translocation         2
   c - Song of Slaying                Charms                       2
   d - Spectral Weapon                Hexes/Charms                 3
   e - Regeneration                   Charms/Necromancy            3
 C - a book of Callings

   Spells                             Type                      Level
   a - Summon Small Mammal            Summoning                    1
   b - Call Imp                       Summoning                    2
   c - Call Canine Familiar           Summoning                    3
   d - Summon Guardian Golem          Hexes/Summoning              3
   e - Summon Lightning Spire         Summoning/Air                4
   f - Summon Ice Beast               Ice/Summoning                4
Comestibles
 d - 5 bread rations {@e1}
 t - 3 meat rations {@e2}
 A - a beef jerky
 H - a chunk of flesh {@w0}


   Skills:
 + Level 4.7 Fighting
 - Level 8.1 Polearms
 - Level 0.6 Armour
 - Level 6.1 Dodging
 - Level 4.2 Shields
 - Level 2.0 Spellcasting
 - Level 4.3 Hexes
 - Level 6.4 Charms


You had 6 spell levels left.
You knew the following spells:

 Your Spells              Type           Power        Failure   Level  Hunger
a - Infusion              Chrm           ###.         2%          1    ##.....
b - Song of Slaying       Chrm           ###.....     4%          2    ###....
c - Spectral Weapon       Hex/Chrm       ###.....     12%         3    ####...


Dungeon Overview and Level Annotations

Branches:
Dungeon (7/15)             Temple (0/1) D:6

Altars:
Fedhas
Ru
Sif Muna
Vehumet
Zin
The Shining One

Annotations:
D:4 Edmund


Innate Abilities, Weirdness & Mutations

You revert to your normal form in water.
You are very nimble and swift while swimming.
You are very stealthy in the water. (Stealth+)
You cannot be stealthy.
You cannot study or cast Conjurations magic.
You cannot study or cast Earth magic.
You cannot study or cast Transmutations magic.


Message History

The orc priest is moderately wounded.
The orc priest stops glowing.
The orc priest invokes the aid of Beogh against you.
Beogh smites you!
* * * LOW HITPOINT WARNING * * *
The orc priest begins to cast a cantrip, but forgets the words!
Okay, then.
It was a potion of might.
You feel very mighty all of a sudden. The orc priest completely misses you.
The orc priest casts a cantrip, but nothing happens.
The orc priest looks satisfied for a moment.
You closely miss the orc priest.
The orc priest is moderately wounded.
You block the orc priest's attack.
The orc priest calls upon Beogh to heal the orc priest.
The orc priest's wounds heal themselves!
The orc priest mumbles some strange prayers to Beogh against you.
Beogh smites you!
You die...

# #. ##.# ##..|##
##. ##.....## ...
##.......## ..##
#.........###oo..#.
+.........@.oJo....
#.........####...##
#.......## ##
##.....## ##...##
##.## #.# #
##.########.
#.###..)(.......


You could see a jelly, 3 orc priests and an orc wizard.

Vanquished Creatures
  An ice beast (D:6)
  A sky beast (D:5)
  A black bear (D:7)
  3 phantoms
  2 centaurs
  3 ogres
  Blork the orc (D:6)
  A scorpion (D:5)
  3 crimson imps
  A quasit (D:7)
  5 hounds
  An orc wizard (D:6)
  An iguana (D:5)
  5 worker ants
  A hound zombie (D:3)
  13 adders
  A shadow imp (D:6)
  2 oozes
  An adder zombie (D:5)
  3 worms
  A dart slug (D:1)
  5 leopard geckos
  6 orcs
  2 ball pythons
  7 giant cockroaches
  5 goblins
  5 hobgoblins
  5 jackals
  6 quokkas
  11 bats
  6 frilled lizards
  7 kobolds
  9 rats
  A fungus (D:6)
126 creatures vanquished.

Vanquished Creatures (others)
  A sky beast (D:7)
1 creature vanquished.

Grand Total: 127 creatures vanquished

Notes
Turn   | Place    | Note
-------+----------+-------------------------------------------
     0 | D:1      | esteth the Merfolk Skald began the quest for the Orb.
     0 | D:1      | Reached XP level 1. HP: 16/16 MP: 3/3
   417 | D:1      | Reached skill level 4 in Polearms
   417 | D:1      | Reached XP level 2. HP: 22/22 MP: 5/5
   849 | D:1      | Reached XP level 3. HP: 25/27 MP: 6/6
   854 | D:1      | Reached skill level 5 in Polearms
  1131 | D:2      | Found a sacrificial altar of Ru.
  1313 | D:2      | Became a worshipper of Ru the Awakened
  1568 | D:2      | Reached skill level 1 in Shields
  1714 | D:2      | Reached XP level 4. HP: 29/33 MP: 7/7
  1775 | D:2      | Found a faded altar of an unknown god.
  1936 | D:2      | You fall through a shaft for 2 floors!
  1946 | D:4      | Reached skill level 6 in Polearms
  2049 | D:4      | Noticed Edmund
  2083 | D:4      | Noticed a centaur
  2104 | D:4      | Killed a centaur
  2104 | D:4      | Reached XP level 5. HP: 5/38 MP: 8/8
  2135 | D:5      | Entered Level 5 of the Dungeon
  2737 | D:3      | Gained mutation: You cannot study or cast Earth magic. [Ru sacrifice]
  2737 | D:3      | Gained mutation: You cannot study or cast Transmutations magic. [Ru sacrifice]
  2737 | D:3      | Gained mutation: You cannot study or cast Conjurations magic. [Ru sacrifice]
  2737 | D:3      | Reached * piety under Ru
  2804 | D:3      | Reached skill level 7 in Polearms
  2857 | D:3      | Reached XP level 6. HP: 15/44 MP: 9/9
  5033 | D:5      | Noticed a phantom
  5037 | D:5      | Learned a level 2 spell: Song of Slaying
  5083 | D:5      | Killed a phantom
  5083 | D:5      | Reached skill level 8 in Polearms
  5197 | D:5      | Learned a level 3 spell: Spectral Weapon
  5224 | D:5      | Reached XP level 7. HP: 40/50 MP: 3/10
  5524 | D:5      | Found a glowing silver altar of Zin.
  5757 | D:5      | Found a faded altar of an unknown god.
  5757 | D:5      | Found a faded altar of an unknown god.
  5762 | D:5      | Found a faded altar of an unknown god.
  5764 | D:5      | Found a faded altar of an unknown god.
  5765 | D:5      | Found a blossoming altar of Fedhas.
  5989 | D:5      | Reached skill level 5 in Charms
  6392 | D:5      | Found a glowing golden altar of the Shining One.
  6809 | D:6      | Found a staircase to the Ecumenical Temple.
  6821 | D:6      | Reached skill level 1 in Hexes
  6821 | D:6      | Reached XP level 8. HP: 32/56 MP: 11/11
  7042 | D:6      | Found a radiant altar of Vehumet.
  7191 | D:6      | HP: 2/56 [poisoned by a worker ant]
  7196 | D:6      | HP: 1/56 [poisoned by a worker ant]
  7201 | D:6      | HP: 1/56 [poisoned by a worker ant]
  7662 | D:6      | Found a blossoming altar of Fedhas.
  8085 | D:6      | Noticed Blork the orc
  8101 | D:6      | Killed Blork the orc
  8352 | D:6      | Found a deep blue altar of Sif Muna.
  8432 | D:6      | Gained mutation: You cannot be stealthy. [Ru sacrifice]
  8432 | D:6      | Reached ** piety under Ru
  8660 | D:7      | Reached skill level 5 in Dodging
  9127 | D:7      | Reached XP level 9. HP: 41/64 MP: 12/12
  9634 | D:7      | Killed from afar by an orc priest

Skill      XL: |  1  2  3  4  5  6  7  8  9 |
---------------+----------------------------+-----
Polearms       | 4 5 6 7 8 |  8.1
Shields        | 1 2 3 4 |  4.2
Charms         | 6 |  6.4
Hexes          | 1 4 |  4.3
Dodging        | 6 |  6.1
Fighting       | 3 4 |  4.7
Armour         | |  0.6
Spellcasting   | |  2.0

Action                   |  1- 3 |  4- 6 |  7- 9 || total
-------------------------+-------+-------+-------++-------
Melee: Spear             |   135 |   331 |   130 ||   596
       Trident           |       |       |   316 ||   316
 Cast: Infusion          |       |     2 |     1 ||     3
Invok: Sacrifice Arcana  |       |     1 |       ||     1
       Sacrifice Stealth |       |       |     1 ||     1
  Use: Potion            |       |     4 |     6 ||    10
       Scroll            |       |     4 |     1 ||     5
 Stab: Distracted        |       |     2 |     2 ||     4
       Sleeping          |       |       |     1 ||     1
  Eat: Chunk             |     3 |     4 |     8 ||    15
       Bread ration      |       |     2 |     1 ||     3
Armor: Leather armour    |    35 |    24 |    49 ||   108
       Skin              |       |       |     7 ||     7
Dodge: Dodged            |    62 |   108 |   151 ||   321
Block: Buckler           |    10 |    50 |   108 ||   168
